Map: Tours du crépuscule

Players

LÉopOLDineFr - Winner!

  • Race: Terran Terran
  • League: Diamond

Thradas

  • Race: Protoss Protoss

VOD

Have the link to the VOD?

Description

Time

  • Played on: Dec. 22, 2015, 4:15 a.m.
  • Length: 15:55
Show
View Real Time Build Order
Export as new Build Order

LÉopOLDineFr Terran - Winner!

Build Orders:  

Get SALT Encoding   

  12  0:01  SCV  
  13  0:14  SCV  
  14  0:18  Supply Depot  
  14  0:26  SCV  
  15  0:39  SCV  
  15  0:40  Barracks  
  16  0:44  Refinery  
  16  0:51  SCV  
  17  1:06  SCV  
  18  1:18  SCV  
  19  1:35  Orbital Command  
  19  1:36  Barracks Reactor  
  19  1:46  Command Center  
  19  1:56  Supply Depot  
  19  2:04  SCV  
  20  2:10  Factory  
  20  2:14  Marine x2  
  22  2:20  SCV  
  23  2:29  Bunker  
  23  2:42  Marine x2  
  23  2:44  SCV  
  26  2:55  Starport  
  26  2:57  SCV  
  27  3:06  Hellion, Refinery  
  27  3:07  Hellion  
  27  3:09  Orbital Command  
  31  3:15  Refinery  
  31  3:17  SCV  
  33  3:31  Medivac  
  35  3:35  Hellion x2  
  35  3:39  SCV  
  39  3:41  SCV  
  39  3:47  Supply Depot  
  39  4:03  Starport  
  39  4:07  Starport Tech Lab  
  39  4:21  Marine x2  
  39  4:22  SCV  
  42  4:24  SCV  
  42  4:28  Banshee  
  46  4:32  Widow Mine  
  48  4:39  Marine x2  
  48  4:43  Starport Tech Lab  
  48  4:45  Supply Depot  
  50  4:47  SCV x2  
  52  4:58  Cloaking Field  
  52  5:03  Marine x2  
  52  5:06  Banshee  
  57  5:09  Supply Depot  
  57  5:11  SCV x2  
  59  5:23  SCV x2  
  53  5:52  SCV x2, Marine  
  53  5:53  Marine  
  53  5:54  Banshee, Raven  
  62  6:06  Barracks  
  62  6:08  Factory Reactor, Barracks  
  62  6:12  SCV x2  
  62  6:17  Supply Depot  
  64  6:18  Supply Depot  
  64  6:21  Supply Depot  
  64  6:24  SCV x2  
  66  6:27  Marine x2  
  68  6:36  SCV x2  
  70  6:44  Banshee, Marine  
  70  6:45  Marine  
  75  6:48  SCV x2  
  77  7:00  SCV, Viking  
  77  7:01  SCV, Widow Mine  
  81  7:03  Marine x2  
  81  7:04  Marauder  
  81  7:06  Stimpack  
  81  7:07  Marine x2  
  89  7:11  Engineering Bay  
  89  7:13  SCV  
  89  7:14  Supply Depot x2  
  90  7:16  Supply Depot  
  90  7:20  Supply Depot  
  90  7:21  Marine x2  
  92  7:25  Marine x2  
  94  7:35  Banshee, Viking, SCV  
  94  7:36  SCV, Marauder  
  103  7:41  Supply Depot  
  103  7:44  Marine x4  
  103  7:47  Widow Mine  
  109  7:54  Liberator  
  109  8:07  Marauder, Marine x3  
  117  8:14  Terran Infantry Weapons Level 1  
  117  8:18  Banshee  
  120  8:21  Barracks  
  120  8:22  Command Center  
  120  8:23  Factory Reactor  
  120  8:25  Barracks  
  120  8:26  Marine x2  
  120  8:27  Marine x2  
  122  8:29  Marauder  
  126  8:35  Supply Depot  
  126  8:37  Supply Depot  
  126  8:44  Marine x4  
  130  8:50  Marauder  
  130  8:54  Viking  
  131  9:01  Banshee  
  131  9:02  Marine x2  
  93  9:40  Marauder, Marine x4  
  93  9:41  Marine  
  93  9:44  Supply Depot  
  96  9:48  Orbital Command  
  96  10:02  Marauder  
  93  10:20  Marine x6  
  96  10:23  Marauder  
  95  10:37  Marine, Orbital Command  
  95  10:38  Marine x5  
  101  10:45  Marauder  
  101  10:49  Raven  
  105  10:50  Missile Turret  
  105  10:55  Marine  
  105  10:56  Marine x5  
  111  11:05  Marine  
  112  11:11  SCV x2  
  112  11:13  Viking x2, Marine  
  112  11:14  Marine x2  
  112  11:15  Supply Depot  
  112  11:17  Terran Infantry Armor Level 1  
  120  11:23  SCV  
  120  11:24  Marauder  
  109  11:32  Viking  
  98  11:43  Viking  
  68  11:58  Barracks Tech Lab  
  68  11:59  Barracks Tech Lab, Marine  
  68  12:00  Marauder, Marine x3  
  71  12:11  Medivac  
  71  12:13  Banshee, Medivac  
  78  12:15  Combat Shields  
  78  12:17  Marine  
  78  12:18  Concussive Shells  
  78  12:19  Marine  
  78  12:20  Marauder x2, Marine x2  
  78  12:21  Marauder  
  88  12:31  SCV x3  
  88  12:35  Marine  
  92  12:37  Marine x2  
  92  12:38  Marine  
  92  12:41  Marauder x2  
  92  12:42  Marine  
  92  12:43  Medivac  
  92  12:44  Medivac  
  104  12:55  Banshee  
  107  13:02  Refinery  
  107  13:03  Supply Depot  
  107  13:04  Supply Depot  
  107  13:05  Command Center, Marine  
  109  13:06  Marine x3, Marauder x3  
  109  13:07  Refinery  
  117  13:13  SCV  
  117  13:14  SCV x2  
  117  13:19  Armory  
  120  13:23  Refinery  
  120  13:25  SCV, Engineering Bay  
  120  13:26  SCV  
  120  13:27  SCV  
  123  13:35  Supply Depot  
  123  13:36  Missile Turret  
  123  13:37  SCV, Marauder x2, Marine x4  
  123  13:38  SCV, Marauder  
  123  13:39  SCV  
  136  13:49  SCV, Banshee  
  136  13:54  Marine  
  136  13:55  Marine x3  
  144  13:58  Marauder x2  
  148  14:04  Marauder  
  149  14:12  Marine x3  
  149  14:13  Marine  
  148  14:20  Marauder x2  
  148  14:21  SCV x3  
  153  14:26  Marauder  
  153  14:30  Marine x4  
  155  14:33  SCV  
  156  14:40  Marine  
  156  14:41  Marauder  
  135  14:47  Marine  
  135  14:48  Marine x4  
  133  14:59  Marauder  
  121  15:02  Marine  
  121  15:05  Marauder  
  121  15:06  Marine x4  
  121  15:20  Marauder x2  
  128  15:23  Marine  
  128  15:24  Marine x3  
  128  15:26  Marauder  
Show
View Real Time Build Order
Export as new Build Order

Thradas Protoss 

Build Orders: 1 Gate Expand 

Get SALT Encoding   

  12  0:01  Probe (Chrono Boost)  
  13  0:11  Probe (Chrono Boost)  
  14  0:17  Pylon  
  14  0:22  Probe (Chrono Boost)  
  15  0:35  Gateway  
  15  0:38  Probe (Chrono Boost)  
  16  0:49  Probe (Chrono Boost)  
  17  1:10  Nexus  
  17  1:23  Assimilator  
  17  1:25  Probe (Chrono Boost)  
  18  1:35  Probe (Chrono Boost)  
  19  1:41  Cybernetics Core  
  19  1:50  Assimilator  
  19  1:52  Probe (Chrono Boost)  
  20  2:03  Probe (Chrono Boost), Pylon  
  21  2:13  Probe (Chrono Boost)  
  22  2:17  Warp Gate (Chrono Boost)  
  22  2:22  Stalker (Chrono Boost)  
  22  2:25  Probe  
  22  2:29  Probe  
  27  2:37  Probe  
  27  2:41  Probe  
  28  2:46  Stalker  
  28  2:49  Probe  
  31  2:53  Probe  
  32  3:00  Robotics Facility  
  32  3:04  Probe (Chrono Boost)  
  32  3:05  Gateway  
  33  3:08  Gateway  
  33  3:16  Mothership Core (Chrono Boost)  
  35  3:21  Probe (Chrono Boost)  
  36  3:34  Probe (Chrono Boost)  
  36  3:35  Probe (Chrono Boost)  
  38  3:44  Probe  
  38  3:45  Probe  
  38  3:47  Observer (Chrono Boost)  
  41  3:53  Pylon  
  41  3:56  Pylon  
  41  3:57  Probe  
  41  3:58  Probe  
  43  4:05  Assimilator  
  43  4:07  Probe  
  44  4:10  Probe, Assimilator  
  44  4:12  Observer (Chrono Boost)  
  46  4:18  Probe  
  46  4:20  Adept x2  
  46  4:21  Adept  
  46  4:23  Probe  
  54  4:26  Pylon  
  54  4:30  Probe  
  54  4:35  Probe  
  54  4:36  Immortal (Chrono Boost)  
  60  4:41  Probe, Robotics Bay  
  61  4:47  Probe  
  61  4:51  Probe  
  62  4:55  Nexus  
  62  4:59  Probe  
  64  5:02  Probe  
  65  5:07  Forge  
  65  5:09  Forge  
  64  5:22  Stalker x2  
  64  5:23  Stalker  
  63  5:46  Probe x2 (Chrono Boost)  
  65  5:52  Disruptor (Chrono Boost)  
  65  5:54  Pylon  
  65  5:56  Probe  
  68  5:57  Pylon  
  68  5:58  Probe  
  70  6:06  Probe  
  71  6:12  Photon Cannon  
  71  6:20  Probe  
  71  6:21  Probe  
  71  6:22  Probe  
  74  6:26  Disruptor (Chrono Boost)  
  77  6:35  Gateway  
  77  6:39  Gateway  
  77  6:40  Probe x2  
  77  6:41  Probe  
  77  6:44  Gateway  
  77  6:46  Gateway  
  80  6:48  Adept x2, Pylon  
  80  6:49  Adept  
  80  6:51  Pylon  
  86  6:54  Protoss Ground Weapons Level 1 (Chrono Boost)  
  86  6:57  Disruptor (Chrono Boost)  
  86  7:01  Protoss Ground Armor Level 1 (Chrono Boost)  
  89  7:12  Probe x2  
  89  7:13  Probe  
  91  7:22  Probe  
  91  7:24  Probe  
  91  7:25  Probe  
  91  7:28  Assimilator  
  94  7:32  Assimilator  
  94  7:33  Probe, Warp Prism (Chrono Boost)  
  94  7:34  Pylon  
  97  7:37  Adept x2  
  97  7:38  Adept, Pylon  
  103  7:45  Probe  
  103  7:46  Probe x2  
  103  7:50  Adept x4  
  114  7:59  Probe, Photon Cannon  
  114  8:01  Probe x2  
  117  8:20  Disruptor (Chrono Boost)  
  117  8:23  Stalker  
  117  8:24  Stalker  
  117  8:25  Nexus  
  117  8:27  Adept  
  126  8:28  Probe, Pylon  
  126  8:29  Probe x2  
  126  8:31  Pylon  
  129  8:37  Adept x2  
  133  8:46  Pylon  
  133  8:47  Pylon  
  132  8:49  Pylon  
  132  8:59  Adept  
  132  9:00  Adept  
  116  9:21  Adept  
  116  9:22  Adept x6  
  124  9:30  Observer (Chrono Boost)  
  112  9:48  Stalker x5  
  112  9:49  Stalker x2  
  87  10:19  Stalker  
  87  10:20  Stalker x6, Observer (Chrono Boost)  
  83  10:43  Stalker x4  
  83  10:44  Stalker x3  
  93  11:06  Stalker x2  
  93  11:07  Stalker x5  
  99  11:29  Observer (Chrono Boost)  
  78  12:17  Adept x2  
  78  12:18  Adept x4  
  78  12:19  Adept  
  78  12:20  Nexus x2  
  92  12:27  Nexus  
  92  12:30  Warp Prism (Chrono Boost)  
  94  12:54  Mothership Core (Chrono Boost)  
  96  12:59  Adept x3  
  96  13:04  Pylon  
  102  13:06  Pylon  
  102  13:08  Pylon  
  102  13:09  Pylon  
  102  13:10  Pylon  
  102  13:26  Adept x4  
  102  13:27  Adept x3  
  112  13:32  Disruptor  
  119  13:43  Probe x2 (Chrono Boost)  
  119  13:44  Probe x2 (Chrono Boost)  
  119  13:45  Probe (Chrono Boost)  
  119  13:46  Adept  
  119  13:47  Adept  
  128  13:49  Adept  
  128  13:52  Adept  
  132  14:03  Disruptor  
  135  14:18  Probe x4 (Chrono Boost)  
  135  14:20  Probe (Chrono Boost)  
  140  14:26  Assimilator  
  140  14:28  Probe x2 (Chrono Boost), Assimilator  
  140  14:29  Probe (Chrono Boost)  
  136  14:32  Probe (Chrono Boost)  
  136  14:34  Disruptor  
  136  14:36  Assimilator  
  135  14:40  Assimilator  
  102  15:01  Stalker x2  
  102  15:02  Stalker x5  
  103  15:08  Observer  
  98  15:20  Probe x2 (Chrono Boost)  
  101  15:22  Probe (Chrono Boost)  
  94  15:31  Probe (Chrono Boost)  
  94  15:42  Stalker x5  
  87  15:43  Stalker x2  
Tags
 
Add a new tag
Caveats
  • Supply blocks, unpowered buildings, or Contaminate may cause inaccurate times.
  • Supply counts are checked every 10 seconds.